 Dungeon Crawl Stone Soup version 0.27-a0-909-g0721f309d1 (webtiles) character file.

Game seed: 5558401219090675821

22950 DwarfAlpaca the Eclecticist (level 13, -7/75 HPs)
             Began as a Djinni Air Elementalist on Apr 8, 2021.
             Was a High Priest of Makhleb.
             Shot with an arrow by a centaur warrior (21 damage)
             ... in a volcano.
             The game lasted 00:43:31 (10858 turns).

DwarfAlpaca the Eclecticist (DjAE)                 Turns: 10858, Time: 00:43:32

Health: -7/75      AC:  8    Str:  9    XL:     13   Next: 3%
Gold:   602        EV: 11    Int: 28    God:    Makhleb [*****.] SH:  0 Dex: 14

rFire    + + .     SeeInvis +   A - +7 great mace of a wizard's laboratory {venom, rN+ Str+2}
rCold    x . .     Faith    .   (shield currently unavailable)
rNeg     + . .     Spirit   .   a - +1 troll leather armour
rPois    ∞         Reflect  .   d - +1 hat
rElec    .         Harm     .   (no cloak)
rCorr    .         Rampage  .   z - +1 pair of gloves of the End {SInv}
Will     +....                  (boots unavailable)
Stlth    ++........             q - amulet of regeneration
HPRegen  2.22/turn              j - ring of wizardry
MPRegen  0.00/turn              p - +6 ring of intelligence

@: flying
A: fire resistance 2, cold vulnerability 1, float, innate caster, hp casting,
extra vitality 1
a: Renounce Religion, Minor Destruction, Lesser Servant of Makhleb, Major
Destruction, Greater Servant of Makhleb


You were in a volcano.
You worshipped Makhleb.
Makhleb was extremely pleased with you.
You visited 3 branches of the dungeon, and saw 16 of its levels.
You also visited: Volcano.

You collected 682 gold pieces.
You spent 80 gold pieces at shops.

Inventory:

Hand Weapons
 A - the +7 great mace of a wizard's laboratory (weapon) {venom, rN+ Str+2}
   (You took it off an ogre on level 3 of the Dungeon)

   It poisons the flesh of those it strikes.
   It affects your strength (+2).
   It protects you from negative energy.
Missiles
 n - 4 throwing nets
 w - 9 curare-tipped darts
 D - 10 atropa-tipped darts
Armour
 a - a +1 troll leather armour (worn)
 d - a +1 hat (worn)
 z - the +1 pair of gloves of the End (worn) {SInv}
   (You found it on level 6 of the Dungeon)

   It lets you see invisible.
Jewellery
 j - a ring of wizardry (left hand)
 p - a +6 ring of intelligence (right hand)
 q - an amulet of regeneration (around neck)
 y - a ring of wizardry
Wands
 b - a wand of polymorph (3)
 u - a wand of digging (8)
 v - a wand of mindburst (11)
 x - a wand of paralysis (13)
 F - a wand of acid (7)
 G - a wand of iceblast (12)
Scrolls
 e - 6 scrolls of identify
 h - 2 scrolls of teleportation
 k - 2 scrolls of immolation
 m - 2 scrolls of enchant weapon
 s - 3 scrolls of torment
 C - a scroll of enchant armour
Potions
 c - 3 potions of lignification
 f - 3 potions of curing
 g - 4 potions of ambrosia
 i - a potion of magic
 l - 5 potions of might
 o - a potion of invisibility
 t - a potion of haste
 B - a potion of berserk rage


   Skills:
 - Level 2.1 Dodging
 - Level 1.5 Stealth
 + Level 17.1 Spellcasting


You had 13 spell levels left.
You knew the following spells:

 Your Spells              Type           Power      Damage    Failure   Level
a - Shock                 Conj/Air       100%       1d9       0%          1
b - Swiftness             Air            88%        N/A       0%          2
c - Static Discharge      Conj/Air       88%        N/A       0%          3
d - Airstrike             Air            44%        N/A       1%          4
e - Lightning Bolt        Conj/Air       44%        1d63      1%          5
f - Magic Dart            Conj           100%       1d8       0%          1
g - Slow                  Hex            88%        N/A       0%          2
h - Dazzling Flash        Conj/Hex       100%       N/A       0%          3
i - Call Canine Familiar  Summ           88%        N/A       0%          3
j - Petrify               Tmut/Erth      88%        N/A       1%          4
k - Irradiate             Conj/Tmut      44%        3d28      1%          5
Your spell library was empty.

Dungeon Overview and Level Annotations

Branches:
Dungeon (11/15)            Temple (1/1) D:7            Lair (4/6) D:9
    Orc (0/2) D:9         Volcano (1/1)
  Swamp: Lair:2-4    Shoals: Lair:2-4     Snake: Lair:2-4    Spider: Lair:2-4

Altars:
Ashenzari
Cheibriados
Dithmenos
Fedhas
Gozag
Kikubaaqudgha
Makhleb
Nemelex Xobeh
Trog
Wu Jian
Yredelemnul
Zin
The Shining One
Beogh

Shops:
D:2 (   D:4 !   D:8 (   D:9 ?

Portals:
Trove: D:11 (give +5 demon trident)


Innate Abilities, Weirdness & Mutations

You are immune to poison.
Your flesh is very heat resistant. (rF++)
You are vulnerable to cold. (rC-)
You float through the air rather than walking.
You learn spells naturally, not from books.
Your magical power is your life essence.
You have superior vitality. (+4 HP)


Message History

The air twists around and strikes the centaur!!
You kill the centaur!
Makhleb accepts your kill.
There is a rumble as the volcano erupts.
The roof shakes.
l - 5 potions of might (gained 1)
f - 3 potions of curing (gained 1)
Things that are here:
a +0 shortbow of flaming; 9 arrows; a centaur corpse
There is a rocky tunnel leading out of this place here.
There is a rocky tunnel leading out of this place here.
Things that are here:
a +0 shortbow of flaming; 9 arrows; a centaur corpse
There is a rumble as the volcano erupts.
The roof shakes.
Found a fizzy puce potion.
A centaur comes into view.
It is wielding a +0 shortbow of flaming.
The centaur shouts!
You hear a shout! x2
The centaur shoots an arrow.
The arrow hits you.
A centaur warrior comes into view.
It is wielding a +1 shortbow of flaming.
Found a leather armour of fire resistance.
The centaur shoots an arrow.
The arrow hits you!
A yaktaur comes into view.
It is wielding a +1 arbalest of flaming.
The centaur warrior shoots an arrow.
The arrow hits you! The arrow burns you.
Found a short glowing staff.
Found a rocky tunnel leading out of this place.
A yaktaur comes into view.
It is wielding a +2 arbalest of flaming.
The centaur warrior shoots an arrow.
The arrow hits you!
The yaktaur shoots a bolt.
The bolt hits you!!
* * * LOW HITPOINT WARNING * * *
The bolt burns you.
* * * LOW HITPOINT WARNING * * *
You see here a staff of earth.
Okay, then.
You feel much better.
The centaur warrior shoots an arrow.
The arrow hits you!
The yaktaur shoots a bolt.
The bolt hits you!!
* * * LOW HITPOINT WARNING * * *
The bolt burns you.
* * * LOW HITPOINT WARNING * * *
There is a rocky tunnel leading out of this place here.
The centaur warrior shoots an arrow.
The arrow hits you!!
You die...

#....cc......###..
......##.c.∩∩....#
##.c[ ##.......##
##c ####...###.. #
##..##.#.####
##...##c#.#
###.).##c.##.
#..∩#.##..###.
###.###@|[c.##.
##..###.### ####
###


You could see a centaur warrior, a yaktaur and a centaur.

Vanquished Creatures
  Harold (D:9)
  A hydra (D:11)
  A vault guard (D:11)
  A boulder beetle (D:11)
  2 two-headed ogres (D:11)
  Erica (D:9)
  A manticore (D:11)
  3 black mambas
  Psyche (D:9)
  A cane toad (Lair:4)
  2 kobold demonologists (D:10)
  6 trolls
  5 slime creatures
  4 dream sheep (Lair:4)
  A meliai zombie (D:11)
  8 blink frogs
  3 shadows (D:9)
  2 wyverns
  A vampire (D:8)
  10 yaks
  2 steam dragons
  The ghost of Tinttamiau the Stinger, an amateur DsVM (D:3)
  An acid dragon (D:8)
  3 water moccasins
  3 ice beasts
  4 black bears
  4 orc warriors
  7 necrophages
  5 ogres
  A phantom (D:5)
  7 centaurs
  Blork the orc (D:6)
  4 bullfrogs
  5 kobold brigands
  3 wyvern zombies (D:7)
  A gnoll sergeant (D:8)
  3 scorpions
  24 killer bees
  A water moccasin skeleton (D:4)
  3 troll zombies (D:9)
  2 wights
  6 howler monkeys
  7 centaur zombies
  3 bullfrog zombies
  A human zombie (D:7)
  2 hounds
  3 jellies
  2 gnoll shamans (D:8)
  7 orc priests
  A centaur skeleton (D:6)
  5 iguanas
  7 orc wizards
  5 ogre zombies (D:9)
  2 mummies (D:7)
  2 howler monkey zombies
  7 adders
  10 gnolls
  A howler monkey skeleton (D:5)
  4 river rats (D:5)
  A shadow imp (D:8)
  A white imp (D:6)
  3 worms
  3 dart slugs
  46 orcs
  3 endoplasms
  4 giant cockroaches
  8 goblins
  5 hobgoblins
  10 jackals
  4 quokkas
  4 ball pythons
  4 bats
  3 frilled lizards
  3 goblin skeletons (D:9)
  3 goblin zombies (D:9)
  4 hobgoblin skeletons (D:9)
  5 hobgoblin zombies (D:9)
  20 kobolds
  9 orc zombies (D:9)
  7 rats
365 creatures vanquished.

Vanquished Creatures (collateral kills)
  A wight (D:8)
1 creature vanquished.

Vanquished Creatures (others)
  2 fungi
  15 plants
17 creatures vanquished.

Grand Total: 383 creatures vanquished

Notes
Turn   | Place    | Note
-------+----------+-------------------------------------------
     0 | D:1      | DwarfAlpaca the Djinni Air Elementalist began the quest for
                  | the Orb.
     0 | D:1      | Reached XP level 1. HP: 15/15 MP: 0/0
    74 | D:1      | Reached skill level 3 in Spellcasting
   135 | D:1      | Reached XP level 2. HP: 20/21 MP: 0/0
   902 | D:1      | Reached XP level 3. HP: 24/25 MP: 0/0
   902 | D:1      | Learned a level 1 spell: Magic Dart
  1232 | D:1      | Found a faded altar of an unknown god.
  1923 | D:2      | Reached skill level 4 in Spellcasting
  1985 | D:2      | Found a glowing golden altar of the Shining One.
  1991 | D:2      | Found Bephiss's Antique Weapon Shoppe.
  2061 | D:2      | Reached XP level 4. HP: 22/31 MP: 0/0
  2801 | D:3      | Found a transporter.
  2803 | D:3      | Identified the +7 great mace of a wizard's laboratory
                  | {venom, rN+ Str+2}
  2803 | D:3      | Noticed an ogre
  2803 | D:3      | Noticed Tinttamiau's ghost (amateur DsVM)
  2803 | D:3      | Noticed an ogre
  2806 | D:3      | Found a transporter.
  2930 | D:3      | Reached XP level 5. HP: 15/35 MP: 0/0
  2930 | D:3      | Learned a level 2 spell: Slow
  3285 | D:3      | Reached skill level 5 in Spellcasting
  3299 | D:3      | Found a shadowy altar of Dithmenos.
  3747 | D:4      | Reached XP level 6. HP: 31/40 MP: 0/0
  4007 | D:4      | Reached skill level 6 in Spellcasting
  4012 | D:4      | Noticed a black bear
  4015 | D:4      | Killed a black bear
  4080 | D:4      | Reached XP level 7. HP: 28/45 MP: 0/0
  4080 | D:4      | Learned a level 3 spell: Dazzling Flash
  4432 | D:4      | Found Ven Opif's Distillery.
  4440 | D:4      | Bought a potion of heal wounds for 50 gold pieces
  4440 | D:4      | Bought a potion of curing for 30 gold pieces
  4503 | D:4      | Reached skill level 7 in Spellcasting
  4638 | D:5      | Entered Level 5 of the Dungeon
  4749 | D:5      | Reached XP level 8. HP: 44/50 MP: 0/0
  4831 | D:5      | Found a basalt altar of Yredelemnul.
  4850 | D:5      | Reached skill level 8 in Spellcasting
  5645 | D:6      | Reached skill level 9 in Spellcasting
  5715 | D:6      | Noticed Blork the orc
  5739 | D:6      | Killed Blork the orc
  5740 | D:6      | Reached XP level 9. HP: 49/55 MP: 0/0
  5740 | D:6      | Learned a level 3 spell: Call Canine Familiar
  5779 | D:6      | Reached skill level 10 in Spellcasting
  5822 | D:6      | Identified the +1 pair of gloves of the End {SInv}
  6054 | D:7      | Found a staircase to the Ecumenical Temple.
  6071 | Temple   | Entered the Ecumenical Temple
  6099 | Temple   | Became a worshipper of Makhleb the Destroyer
  6245 | D:3      | Killed Tinttamiau's ghost
  6424 | D:7      | Reached skill level 11 in Spellcasting
  6444 | D:7      | Found a broken altar of Ashenzari.
  6642 | D:7      | Found a basalt altar of Yredelemnul.
  6676 | D:7      | Reached * piety under Makhleb
  6722 | D:7      | Reached XP level 10. HP: 48/60 MP: 0/0
  7062 | D:8      | Reached skill level 12 in Spellcasting
  7280 | D:8      | Found Inuont's Antique Weapon Emporium.
  7308 | D:8      | Reached ** piety under Makhleb
  7557 | D:8      | Found a bloodstained altar of Trog.
  7715 | D:9      | Found a staircase to the Orcish Mines.
  7753 | D:9      | Found Piops's Magic Scroll Shop.
  7753 | D:9      | Noticed Erica
  7865 | D:9      | Reached skill level 13 in Spellcasting
  7914 | D:9      | Reached *** piety under Makhleb
  7944 | D:9      | Killed Erica
  7945 | D:9      | Reached XP level 11. HP: 59/65 MP: 0/0
  7945 | D:9      | Learned a level 4 spell: Petrify
  8022 | D:9      | Found a staircase to the Lair.
  8055 | D:9      | Noticed Psyche
  8058 | D:9      | Killed Psyche
  8184 | D:9      | Found a sparkling altar of Nemelex Xobeh.
  8284 | D:9      | Reached skill level 14 in Spellcasting
  8335 | D:9      | Noticed Harold
  8369 | D:9      | Reached **** piety under Makhleb
  8410 | D:9      | Found a snail-covered altar of Cheibriados.
  8629 | D:9      | Killed Harold
  8653 | D:10     | Entered Level 10 of the Dungeon
  8697 | D:10     | Found an ornate altar of the Wu Jian Council.
  9443 | D:11     | Noticed a boulder beetle
  9470 | D:11     | Killed a boulder beetle
  9471 | D:11     | Reached skill level 15 in Spellcasting
  9475 | D:11     | Noticed a two-headed ogre
  9479 | D:11     | Killed a two-headed ogre
  9550 | D:11     | Reached XP level 12. HP: 70/70 MP: 0/0
  9615 | D:11     | Reached ***** piety under Makhleb
  9778 | D:11     | Noticed a six-headed hydra
  9807 | D:11     | Killed a six-headed hydra
  9886 | D:11     | Reached skill level 16 in Spellcasting
  9889 | D:11     | Noticed a two-headed ogre
  9897 | D:11     | Killed a two-headed ogre
  9983 | D:11     | Noticed a vault guard
  9987 | D:11     | Killed a vault guard
  9995 | D:11     | Found a portal to a secret trove of treasure.
 10406 | Lair:1   | Entered Level 1 of the Lair of Beasts
 10669 | Lair:1   | You are sucked into a shaft and drop 1 floor!
 10768 | Lair:2   | You are sucked into a shaft and drop 2 floors!
 10783 | Lair:4   | Reached skill level 17 in Spellcasting
 10784 | Lair:4   | Reached XP level 13. HP: 69/75 MP: 0/0
 10784 | Lair:4   | Learned a level 5 spell: Irradiate
 10801 | Lair:3   | Found a dark tunnel.
 10809 | Volcano  | Entered a volcano
 10858 | Volcano  | Shot with an arrow by a centaur warrior

Illustrated notes

Levels and vault maps discovered:
D:1:      heliophobic_arrival_battle_scene, layout_basic,
          shapermc_ecumenical_altar_hornbeckon, hangedman_decor_clover_reticule,
          minmay_surrounded
D:2:      layout_basic, serial_shops, nicolae_shop_trees, basic_altar
D:3:      layout_rooms, lemuel_coloured_pillars_altar, gammafunk_ghost_smash,
          kennysheep_path_1
D:4:      layout_rooms, serial_shops, nicolae_shop_crystal
D:5:      wad_woods_stonehenge, layout_basic
D:6:      layout_rooms, uniq_blork_the_orc
D:7:      layout_rooms, evilmike_ruin_ashenzari,
          lemuel_mausoleum_altar_yredelemnul, minmay_temple_entry_glass
D:8:      kennysheep_blocky_room, layout_rooms, trog_three_pillars_becter,
          serial_shops, shop
D:9:      layout_roguey, overflow_temple_1_default,
          nemelex_diamond_rough_becter, lair_entry_dummy, zombieorc2_lemuel,
          serial_shops, shop, uniq_psyche, uniq_erica, uniq_harold
D:10:     layout_long_grid, nicolae_overflow_crystal_walls, special_room
          [special_room_orc]
D:11:     layout_roguey, enter_trove_5, hangedman_corner_corridor
Temple:   regret_index_temple_waves
Lair:1:   layout_roguey, grunt_megastairs_2
Lair:2:   layout_roguey, infiniplex_staircase_pool, serial_bayou_shore_b
Lair:3:   layout_long_grid, minmay_swamp_entry_wisps,
          spider_nest_entry_web_field, nicolae_volcano_entry_hallway,
          serial_bayou_shore_b, uniq_snorg
Lair:4:   layout_cave_pods, grunt_megastairs_4, uniq_nergalle, uniq_urug
Volcano:  volcano_caves

Skill      XL: |  1  2  3  4  5  6  7  8  9 10 11 12 |
---------------+-------------------------------------+-----
Spellcasting   | 3 4 5 6 7 9 11 13 15 17 | 17.1
Dodging        | |  2.1
Stealth        | |  1.5

Action                   |  1- 3 |  4- 6 |  7- 9 | 10-12 | 13-15 || total
-------------------------+-------+-------+-------+-------+-------++-------
Melee: Unarmed           |       |       |    15 |       |       ||    15
       Great mace        |       |       |       |    12 |       ||    12
 Cast: Shock             |    48 |    66 |    44 |     3 |       ||   161
       Magic Dart        |    37 |     2 |       |       |       ||    39
       Airstrike         |       |     7 |    99 |   256 |     7 ||   369
       Dazzling Flash    |       |       |     3 |       |       ||     3
       Lightning Bolt    |       |       |     9 |    64 |     1 ||    74
       Static Discharge  |       |       |       |     7 |       ||     7
  Use: Scroll            |       |     2 |       |    17 |       ||    19
       Potion            |       |       |     1 |     6 |     1 ||     8
Armor: Robe              |     7 |     1 |     2 |       |       ||    10
       Steam dragon scal |       |       |     6 |    11 |       ||    17
       Troll leather arm |       |       |       |    19 |     1 ||    20
Dodge: Dodged            |     9 |     7 |    16 |    65 |     3 ||   100

Table legend: (Time is in decaauts)
 A = Elapsed time spent in this place.
 B = Non-inter-level travel time spent in this place.
 C = Inter-level travel time spent in this place.
 D = Time resting spent in this place.
 E = Time spent auto-exploring this place.
 F = Levels seen in this place.
 G = Mean time per level.
                   A        B        C        D        E       F      G
               +--------+--------+--------+--------+--------+-----+--------+
         Total |  10861 |  10281 |    580 |   1097 |   6656 |  17 |  638.9 |
       Dungeon |  10361 |   9802 |    559 |   1074 |   6394 |  11 |  941.9 |
        Temple |     48 |     28 |     20 |      0 |     26 |   1 |   48.0 |
          Lair |    402 |    402 |      0 |     23 |    236 |   4 |  100.5 |
       Volcano |     48 |     48 |      0 |      0 |      0 |   1 |   48.0 |
               +--------+--------+--------+--------+--------+-----+--------+

Top non-repeatable levels by time:
     D:2: 1304 daAuts
     D:1: 1284 daAuts
     D:4: 1128 daAuts
     D:3: 1089 daAuts
     D:5: 961 daAuts
    D:11: 939 daAuts
     D:9: 848 daAuts
    D:10: 816 daAuts
     D:8: 776 daAuts
     D:7: 689 daAuts
     D:6: 522 daAuts
  Lair:1: 263 daAuts
  Lair:2: 98 daAuts
 Volcano: 48 daAuts
  Temple: 48 daAuts
